 Dungeon Crawl Stone Soup version 0.31.0-11-ge490571c62 (webtiles) character file.

Game seed: 9732796988300290132

207 qw the Skirmisher (level 5, -1/29 HPs)
             Began as a Deep Elf Hunter on Feb 3, 2024.
             Killed from afar by an orc wizard (8 damage)
             ... with a magic dart
             ... on level 3 of the Dungeon.
             The game lasted 00:00:10 (2007 turns).

qw the Skirmisher (Deep Elf Hunter)                 Turns: 2007, Time: 00:00:10

Health: -1/29      AC:  3    Str:  8    XL:     5   Next: 54%
Magic:  0/7        EV: 12    Int: 14    God:
Gold:   117        SH:  0    Dex: 18    Spells: 4/4 levels left

rFire   . . .        a - +0 shortbow
rCold   . . .        (shield currently unavailable)
rNeg    . . .        c - +0 leather armour
rPois   .            (helmet restricted)
rElec   .            (no cloak)
rCorr   .            (no gloves)
SInv    .            (no boots)
Will    .....        d - amulet of guardian spirit
Stlth   ++           (no ring)
HPRegen 0.24/turn    (no ring)
MPRegen 0.10/turn

%: guardian spirit
@: no status effects
A: horns 1, weak 1
a: no special abilities


You were on level 3 of the Dungeon.
You visited 1 branch of the dungeon, and saw 3 of its levels.

You collected 117 gold pieces.


Innate Abilities, Weirdness & Mutations

You have a pair of small horns on your head.
You are weak. (Str -2)


   Skills:
 - Level 1.5 Fighting
 - Level 9.0 Ranged Weapons
 + Level 2.6 Dodging
 - Level 1.2 Stealth


You had 4 spell levels left.
You didn't know any spells.
Your spell library was empty.

Inventory:

Hand Weapons
 a - a +0 shortbow (weapon)
Armour
 c - a +0 leather armour (worn)
 k - a +0 ring mail
Jewellery
 d - an amulet of guardian spirit (around neck)
Scrolls
 e - a scroll of enchant armour {unknown}
 f - a scroll of teleportation
 g - a scroll of enchant weapon {unknown}
 i - 4 scrolls of identify
Potions
 b - 2 potions of enlightenment

Dungeon Overview and Level Annotations

Branches:
Dungeon (3/15)

Altars:

Shops:
D:1 (=


Message History

The frilled lizard closely misses you. Something hits you but does no damage.
The frilled lizard bites you but does no damage.
You hear some strange, mumbled words.
Something tries to affect you, but you resist.
The frilled lizard barely misses you. Something hits you but does no damage.
The frilled lizard bites you. Something hits you.
You feel less confused. The frilled lizard bites you. Something hits you.
You shoot an arrow. The arrow hits the frilled lizard.
You kill the frilled lizard!
Something completely misses you.
You shoot an arrow. Something hits you.
You shoot an arrow. Something hits you.
You shoot an arrow.
You hear some strange, mumbled words.
You are confused.
You shoot an arrow. Something barely misses you.
You shoot an arrow. Something hits you but does no damage.
You shoot an arrow. Something hits you.
You shoot an arrow. Something hits you.
You shoot an arrow. Something hits you.
You shoot an arrow. Something hits you but does no damage.
You shoot an arrow. Something hits you but does no damage.
You shoot an arrow.
You feel less confused. Something hits you.
You shoot an arrow.
You hear some strange, mumbled words.
A magic dart appears from out of thin air!
The magic dart hits you!
You die...

##...........#
#.####.##...# . #.
...####.## #. . .(.###
#..# ##. ...## ##.#
#.( .. #.# #.# . #)#
#.#######
#####.###........
#.......@{.#
#........%.##########.
#.[.............{l....
#..........#####..)...
#..........# ...).
############ ####


There were no monsters in sight!

Vanquished Creatures
  An orc priest (D:3)
  An orc wizard (D:3)
  3 gnolls (D:2)
  5 adders
  A dart slug (D:1)
  2 ribbon worms (D:2)
  7 orcs (D:3)
  5 endoplasms
  5 giant cockroaches
  4 goblins
  5 hobgoblins
  6 jackals (D:1)
  A quokka (D:2)
  7 ball pythons
  2 bats
  3 frilled lizards
  6 kobolds
  8 rats
72 creatures vanquished.

Notes
Turn   | Place    | Note
-------+----------+-------------------------------------------
     0 | D:1      | qw the Deep Elf Hunter began the quest for the Orb.
     0 | D:1      | Reached XP level 1. HP: 12/12 MP: 3/3
     0 | D:1      | 0 ||| qw: Version: 0.3-a-157-g843a77d
     0 | D:1      | 0 ||| qw: Game counter: 3691
     0 | D:1      | 0 ||| qw: Melee chars always use a shield: true
     0 | D:1      | 0 ||| qw: God list: Okawaru
     0 | D:1      | 0 ||| qw: Allow faded altars: false
     0 | D:1      | 0 ||| qw: Do Orc after clearing Dungeon:15 true
     0 | D:1      | 0 ||| qw: Do second Lair branch before Depths: true
     0 | D:1      | 0 ||| qw: Lair rune preference: random
     0 | D:1      | 0 ||| qw: Goals: Normal
     0 | D:1      | 0 ||| PLANNING D:1-11
   115 | D:1      | Reached skill level 6 in Ranged Weapons
   115 | D:1      | Reached XP level 2. HP: 16/16 MP: 4/4
   180 | D:1      | Found Mulowam's Antique Weapon Shop.
   185 | D:1      | 185 ||| SHOPLISTING arbalest (108 gold, have 28).
   707 | D:1      | Found Ruzac's Jewellery Emporium.
   714 | D:1      | 714 ||| SHOPLISTING +4 ring of protection (360 gold, have
                  | 51).
   714 | D:1      | 714 ||| SHOPLISTING +6 ring of dexterity (360 gold, have
                  | 51).
   714 | D:1      | 714 ||| SHOPLISTING amulet of regeneration (300 gold, have
                  | 51).
   714 | D:1      | 714 ||| SHOPLISTING amulet of the acrobat (300 gold, have
                  | 51).
   714 | D:1      | 714 ||| SHOPLISTING ring of fire (250 gold, have 51).
   714 | D:1      | 714 ||| SHOPLISTING ring of protection from fire (250 gold,
                  | have 51).
   714 | D:1      | 714 ||| SHOPLISTING ring of resist corrosion (200 gold,
                  | have 51).
   843 | D:1      | Reached XP level 3. HP: 20/20 MP: 5/5
   885 | D:1      | 885 ||| UPGRADING to amulet of guardian spirit.
   890 | D:1      | 890 ||| READING scroll labelled VAYCOAS VINUOW.
   890 | D:1      | 890 ||| IDENTIFYING scroll labelled PUN VAFUBISS
   891 | D:1      | 891 ||| DROPPING scroll of butterflies.
  1020 | D:2      | Reached skill level 7 in Ranged Weapons
  1027 | D:2      | 1027 ||| FLEEEEING.
  1028 | D:2      | 1028 ||| FLEEEEING.
  1029 | D:2      | 1029 ||| FLEEEEING.
  1030 | D:2      | 1030 ||| FLEEEEING.
  1031 | D:2      | 1031 ||| FLEEEEING.
  1032 | D:2      | 1032 ||| FLEEEEING.
  1033 | D:2      | 1033 ||| FLEEEEING.
  1034 | D:2      | 1034 ||| FLEEEEING.
  1035 | D:2      | 1035 ||| STAIRDANCE
  1120 | D:2      | Reached XP level 4. HP: 25/25 MP: 6/6
  1489 | D:2      | 1489 ||| READING scroll of identify.
  1489 | D:2      | 1489 ||| IDENTIFYING 2 green potions
  1508 | D:3      | 1508 ||| STAIRDANCE
  1512 | D:3      | 1512 ||| STAIRDANCE
  1594 | D:3      | Reached skill level 8 in Ranged Weapons
  1794 | D:3      | Reached XP level 5. HP: 29/29 MP: 7/7
  1833 | D:3      | 1833 ||| FLEEEEING.
  1834 | D:3      | 1834 ||| FLEEEEING.
  1835 | D:3      | 1835 ||| FLEEEEING.
  1836 | D:3      | 1836 ||| FLEEEEING.
  1837 | D:3      | 1837 ||| FLEEEEING.
  1838 | D:3      | 1838 ||| FLEEEEING.
  1839 | D:3      | 1839 ||| FLEEEEING.
  1841 | D:3      | 1841 ||| FLEEEEING.
  1842 | D:3      | 1842 ||| FLEEEEING.
  1847 | D:3      | 1847 ||| FLEEEEING.
  1848 | D:3      | 1848 ||| FLEEEEING.
  1862 | D:3      | Reached skill level 9 in Ranged Weapons
  1976 | D:3      | 1976 ||| FLEEEEING.
  1977 | D:3      | 1977 ||| FLEEEEING.
  1978 | D:3      | 1978 ||| FLEEEEING.
  1979 | D:3      | 1979 ||| FLEEEEING.
  1980 | D:3      | 1980 ||| FLEEEEING.
  1987 | D:3      | 1987 ||| FLEEEEING.
  1988 | D:3      | 1988 ||| DRINKING glowing yellow potion.
  1988 | D:3      | Gained mutation: You are weak. (Str -2) [potion of
                  | mutation]
  1988 | D:3      | Gained mutation: You have a pair of small horns on your
                  | head. [potion of mutation]
  1989 | D:3      | 1989 ||| DRINKING fizzy red potion.
  2002 | D:3      | HP: 7/29 [something (3)]
  2007 | D:3      | Killed from afar by an orc wizard

Levels and vault maps discovered:
D:1:      amcnicky_arrival_gap_in_the_tavern_cellar, layout_basic, serial_shops,
          nicolae_shop_hallway_plus, nicolae_shop_waterfront
D:2:      layout_rooms
D:3:      layout_rooms

Skill      XL: |  1  2  3  4  5 |
---------------+----------------+-----
Ranged Weapons | 6 7 8 9 |  9.0
Fighting       | |  1.5
Dodging        | |  2.6
Stealth        | |  1.2

Action                     |  1- 3 |  4- 6 || total
---------------------------+-------+-------++-------
   Fire: Shortbow          |    89 |   163 ||   252
    Use: Scroll            |     1 |     1 ||     2
         Potion            |       |     2 ||     2
 Armour: Leather armour    |    19 |    54 ||    73
  Dodge: Dodged            |    29 |    48 ||    77

Table legend:
 A = Non-vault XP
 B = Vault XP
 C = Vault XP percentage of total XP
 D = Non-vault monster count
 E = Vault monster count
 F = Vault count percentage of total count
                 A         B        C        D         E       F
            +---------+---------+-------+---------+---------+-------
      Total |     296 |       0 |   0.0 |      72 |       0 |   0.0
            +---------+---------+-------+---------+---------+-------
        D:1 |      42 |       0 |   0.0 |      24 |       0 |   0.0
        D:2 |      97 |       0 |   0.0 |      28 |       0 |   0.0
        D:3 |     157 |       0 |   0.0 |      20 |       0 |   0.0
            +---------+---------+-------+---------+---------+-------
